 Dungeon Crawl Stone Soup version 0.29.1 (webtiles) character file.

Game seed: 2693938089506703598

1252 themarg the Destroyer (level 8, -13/45 HPs)
             Began as a Tengu Conjurer on Sept 13, 2022.
             Was an Initiate of Vehumet.
             Killed from afar by Maggie (19 damage)
             ... with a bolt of fire
             ... on level 6 of the Dungeon.
             The game lasted 00:19:25 (6473 turns).

themarg the Destroyer (Tengu Conjurer)              Turns: 6473, Time: 00:19:26

Health: -13/45     AC: 12    Str:  8    XL:     8   Next: 51%
Magic:  0/16       EV: 15    Int: 21    God:    Vehumet [......]
Gold:   248        SH:  0    Dex: 12    Spells: 14/17 levels left

rFire   . . .      SeeInvis .   t - staff of conjuration
rCold   . . .      Faith    .   (no shield)
rNeg    . . .      Spirit   .   a - +0 robe
rPois   .          Reflect  .   B - +1 hat {Stlth+}
rElec   .          Harm     .   r - +0 cloak
rCorr   .          Rampage  .   (no gloves)
Will    .....                   (boots unavailable)
Stlth   +++.......              (no amulet)
HPRegen 0.15/turn               p - +4 ring of protection
MPRegen 0.15/turn               w - +4 ring of protection

@: flying quickly and evasively, quick
A: beak, talons 3, nimble flight
a: Renounce Religion


You were on level 6 of the Dungeon.
You worshipped Vehumet.
Vehumet was noncommittal.
You visited 2 branches of the dungeon, and saw 7 of its levels.

You collected 248 gold pieces.

Inventory:

Missiles
 h - 7 poisoned darts
Armour
 a - a +0 robe (worn)
 r - a +0 cloak (worn)
 B - a +1 hat of stealth (worn)
Magical Staves
 t - a staff of conjuration (weapon)
Jewellery
 p - a +4 ring of protection (left hand)
 w - a +4 ring of protection (right hand)
Scrolls
 d - 4 scrolls of teleportation
 e - a scroll of noise
 j - a scroll of immolation {unknown}
 l - a scroll of acquirement {unknown}
 m - 2 scrolls of blinking
 o - a scroll of enchant weapon {unknown}
 u - a scroll of vulnerability {unknown}
 v - a scroll of fog {unknown}
 x - a scroll of poison {unknown}
 y - a scroll of enchant armour {unknown}
Potions
 b - a potion of magic
 c - 2 potions of berserk rage
 f - 2 potions of heal wounds
 g - a potion of cancellation {unknown}
 i - 6 potions of curing
 k - 2 potions of brilliance
 n - a potion of ambrosia
 q - 2 potions of attraction
 s - a potion of resistance {unknown}
 z - a potion of might {unknown}
 A - a potion of degeneration {unknown}


   Skills:
 + Level 2.4 Fighting
 + Level 3.7 Dodging
 - Level 2.0 Stealth
 - Level 5.0 Spellcasting
 - Level 10.0 Conjurations
 - Level 2.0 Hexes
 - Level 2.0 Translocations


You had 14 spell levels left.
You knew the following spells:

 Your Spells              Type           Power      Damage    Failure   Level
a - Magic Dart            Conj           100%       1d8       1%          1
b - Searing Ray           Conj           100%       2d8       1%          2

Your spell library contained the following spells:

 Spells                   Type           Power      Damage    Failure   Level
 Dazzling Flash           Conj/Hex       90%        N/A       2%          3
 Fulminant Prism          Conj/Hex       22%        3d13      9%          4
 Iskenderun's Mystic Bla  Conj/Tloc      45%        2d10      9%          4
 Beastly Appendage        Tmut           10%        N/A       11%         1
 Sting                    Tmut/Pois      20%        1d4       11%         1
 Poisonous Vapours        Pois/Air       10%        N/A       16%         2
 Sublimation of Blood     Necr           5%         N/A       16%         2
 Wereblood                Tmut           5%         N/A       16%         2
 Inner Flame              Hex/Fire       9%         N/A       22%         3
 Frozen Ramparts          Ice            10%        1d2       32%         3
 Ozocubu's Armour         Ice            5%         N/A       32%         3
 Spider Form              Tmut/Pois      5%         N/A       32%         3
 Irradiate                Conj/Tmut      19%        3d18      36%         5
 Cause Fear               Hex            6%         N/A       43%         4
 Ice Form                 Ice/Tmut       5%         N/A       71%         4
 Olgreb's Toxic Radiance  Pois           5%         N/A       71%         4
 Petrify                  Tmut/Erth      5%         N/A       71%         4
 Summon Ice Beast         Ice/Summ       5%         N/A       71%         4
 Metabolic Englaciation   Hex/Ice        4%         N/A       89%         5
 Simulacrum               Ice/Necr       2%         N/A       100%        6
 Discord                  Hex            6%         N/A       100%        8


Dungeon Overview and Level Annotations

Branches:
Dungeon (6/15)             Temple (1/1) D:5

Altars:
Ashenzari
Cheibriados
Dithmenos
Elyvilon
Fedhas
Gozag
Hepliaklqana
Kikubaaqudgha
Makhleb
Nemelex Xobeh
Okawaru
Qazlal
Ru
Sif Muna
Trog
Uskayaw
Vehumet
Wu Jian
Xom
Yredelemnul
Zin
The Shining One

Shops:
D:1 =   D:5 *

Annotations:
D:4 exclusion: downstairs
D:6 Maggie


Innate Abilities, Weirdness & Mutations

You have a beak for a mouth.
You have claws for feet.
Your magical nature lets you fly swiftly and evasively.


Message History

Maggie misses you.
The searing ray hits Maggie but does no damage.
Maggie is heavily wounded.
Maggie gestures at you while chanting. The bolt of fire misses you.
The searing ray hits Maggie!
Maggie is severely wounded.
You finish channelling your searing ray.
You break out of your daze.
Maggie zaps a wand.
You struggle to resist.
Casting: Searing Ray (safe; 1% risk of failure)
Confirm with . or Enter, or press ? or * to list all spells.
Aiming: Searing Ray (safe; 1% risk of failure)
Press: ? - help, Shift-Dir - straight line, f/p - Maggie
Aim: Maggie, wielding a +0 broad axe, wearing +2 acid dragon scales and carrying a wand of mindburst (11) (severely wounded, 83% to hit)
You feel a surge of power!
The searing ray hits Maggie.
Maggie is severely wounded. (Press . to maintain the ray.) Maggie completely misses you.
The searing ray hits Maggie.
Maggie is severely wounded.
Maggie hits you with a +0 broad axe!
The searing ray hits Maggie!
Maggie is almost dead.
Maggie casts a spell at you. The bolt of fire hits you!!
You hit Maggie but do no damage. You claw Maggie, but do no damage.
Your peck misses Maggie.
Maggie is almost dead.
Maggie misses you.
You hit Maggie. Your kick misses Maggie. Your peck misses Maggie.
Maggie is almost dead.
Maggie hits you with a +0 broad axe!
* * * LOW HITPOINT WARNING * * *
Maggie closely misses you.
You closely miss Maggie. Your kick misses Maggie.
Maggie is almost dead.
Maggie gestures at you while chanting. The bolt of fire hits you!!
You die...

# #........####.#######
#....................
#........####.#####.#
#........# #.# #.#
+........# #.# #.#
#........# #.#####.#
......#.# #.......#
......#.#########..#####
##.....@@..............#
...#.#.###.#.###..#####
#. #.#.# #..###### #.
#.#.# #.......# #. #.#.#
##.###### #. #.#.# #..#
#. #.#.###..# ..
..#......# #####..#


You could see Maggie.

Vanquished Creatures
  Menkaure (D:4)
  A water moccasin (D:6)
  An ice beast (D:5)
  2 black bears
  2 ogres (D:5)
  2 scorpions
  A jelly (D:5)
  2 hounds (D:5)
  An orc priest (D:3)
  4 iguanas
  Robin (D:2)
  6 gnolls
  6 adders
  11 dart slugs
  3 orcs (D:3)
  7 endoplasms
  5 giant cockroaches
  16 goblins
  6 hobgoblins
  3 kobolds
  6 quokkas
  6 ball pythons
  3 bats
  4 frilled lizards
  4 rats
104 creatures vanquished.

Notes
Turn   | Place    | Note
-------+----------+-------------------------------------------
     0 | D:1      | themarg the Tengu Conjurer began the quest for the Orb.
     0 | D:1      | Reached XP level 1. HP: 10/10 MP: 4/4
    71 | D:1      | Found Nuubbo's Jewellery Emporium.
   124 | D:1      | You fall into a shaft and drop 1 floor!
   425 | D:1      | Reached XP level 2. HP: 15/15 MP: 3/6
   428 | D:1      | Learned a level 2 spell: Searing Ray
  1460 | D:2      | Reached skill level 6 in Conjurations
  1460 | D:2      | Reached XP level 3. HP: 19/19 MP: 0/8
  1617 | D:2      | Noticed Robin
  1621 | D:2      | Killed Robin
  1731 | D:2      | Reached XP level 4. HP: 24/24 MP: 4/9
  2719 | D:3      | Gained mutation: Your magical nature lets you fly swiftly
                  | and evasively. [Tengu growth]
  2719 | D:3      | Reached XP level 5. HP: 26/28 MP: 7/11
  3060 | D:3      | Reached skill level 7 in Conjurations
  3497 | D:3      | Found a burning altar of Makhleb.
  3889 | D:4      | Noticed Menkaure
  3893 | D:4      | Killed Menkaure
  3894 | D:4      | Reached XP level 6. HP: 32/32 MP: 7/13
  4033 | D:4      | Reached skill level 8 in Conjurations
  5018 | D:5      | Entered Level 5 of the Dungeon
  5020 | D:5      | Noticed an ice beast
  5068 | D:5      | Found a staircase to the Ecumenical Temple.
  5075 | Temple   | Entered the Ecumenical Temple
  5127 | Temple   | Became a worshipper of Vehumet
  5192 | D:5      | Reached XP level 7. HP: 36/36 MP: 10/15
  5269 | D:5      | Reached skill level 5 in Spellcasting
  5327 | D:5      | Reached skill level 9 in Conjurations
  5381 | D:5      | Found Sonabar's Assorted Antiques.
  5447 | D:5      | Reached skill level 10 in Conjurations
  5447 | D:5      | Reached skill level 1 in Hexes
  5762 | D:5      | Reached skill level 1 in Translocations
  5762 | D:5      | Reached XP level 8. HP: 41/41 MP: 10/16
  5991 | D:6      | Reached skill level 1 in Fighting
  6455 | D:6      | Noticed Maggie
  6473 | D:6      | Killed from afar by Maggie

Illustrated notes

Levels and vault maps discovered:
D:1:      amcnicky_arrival_gap_in_the_tavern_cellar, layout_basic, serial_shops,
          nicolae_shop_hallway_plus
D:2:      layout_rooms, uniq_robin
D:3:      kennysheep_slugbush, layout_basic, mainiacjoe_overflow_alcove_2
D:4:      layout_loops_corners, uniq_menkaure
D:5:      layout_cave_pools, minmay_temple_entry_overgrown, serial_shops, shop,
          grunt_ministairs_13
D:6:      layout_basic, uniq_maggie
Temple:   compressed_dpeg_triangle_lava_temple

Skill      XL: |  1  2  3  4  5  6  7  8 |
---------------+-------------------------+-----
Conjurations   | 6 7 8 10 | 10.0
Spellcasting   | 3 4 5 |  5.0
Hexes          | 1 2 |  2.0
Translocations | 1 2 |  2.0
Fighting       | 2 |  2.4
Dodging        | 3 |  3.7
Stealth        | |  2.0

Action                   |  1- 3 |  4- 6 |  7- 9 || total
-------------------------+-------+-------+-------++-------
Melee: Staff             |       |       |     3 ||     3
       Kick              |       |       |     1 ||     1
 Cast: Magic Dart        |    39 |    97 |    24 ||   160
       Searing Ray       |     7 |    18 |    18 ||    43
  Use: Scroll            |       |     8 |     1 ||     9
Armor: Robe              |       |     3 |     2 ||     5
Dodge: Dodged            |     1 |    15 |    11 ||    27
